 Dungeon Crawl Stone Soup version 0.26-a0-264-g3a471323bd (console) character file.

Game seed: 3726902943475104654

3620 Kagalorn the Fighter (level 10, -3/91 HPs)
             Began as a Hill Orc Gladiator on July 11, 2020.
             Was a Follower of Yredelemnul.
             Slain by a wraith (4 damage)
             ... on level 8 of the Dungeon.
             The game lasted 00:21:30 (9769 turns).

Kagalorn the Fighter (Hill Orc Gladiator)           Turns: 9769, Time: 00:21:31

Health: -3/91      AC:  5    Str: 22    XL:     10   Next: 11%
Magic:  12/12      EV: 16    Int:  6    God:    Yredelemnul [*.....]
Gold:   406        SH: 10    Dex: 16    Spells: 9/9 levels left

rFire    . . .     SeeInvis +   b - +4 rapier {flame, rC+ Str+4 Int-5 Dex+4}
rCold    + + .     Faith    .   y - +0 kite shield
rNeg     . . .     Spirit   .   q - +0 leather armour {rC+}
rPois    .         Reflect  .   h - +0 helmet
rElec    .         Harm     .   (no cloak)
rCorr    .                      (no gloves)
MR       .....                  (no boots)
Stlth    +.........             (no amulet)
HPRegen  0.25/turn              B - ring of see invisible
MPRegen  0.13/turn              v - +4 ring of evasion

@: lethally poisoned (-3 -> -3), slowed, drained, very slow
A: no striking features
a: Animate Remains, Renounce Religion


You were on level 8 of the Dungeon.
You worshipped Yredelemnul.
Yredelemnul was aware of your devotion.
You were full.

You visited 2 branches of the dungeon, and saw 9 of its levels.

You collected 406 gold pieces.

Inventory:

Hand Weapons
 a - a +0 trident
 b - the +4 rapier of Regicide (weapon) {flame, rC+ Str+4 Int-5 Dex+4}
   (You found it on level 7 of the Dungeon)

   It has been specially enchanted to burn those struck by it, causing extra
   injury to most foes and up to half again as much damage against particularly
   susceptible opponents.
   It affects your strength (+4).
   It affects your intelligence (-5).
   It affects your dexterity (+4).
   It protects you from cold.
 A - a +0 flail of protection
 D - a +0 falchion
 E - a +2 dagger of electrocution
 G - a +0 flail of holy wrath
 H - a +2 dagger of venom
 I - a +4 long sword
Missiles
 d - 2 throwing nets (quivered)
 i - 226 stones
Armour
 h - a +0 helmet (worn)
 q - a +0 leather armour of cold resistance (worn)
 t - a +2 robe of magic resistance
 y - a +0 kite shield (worn)
Jewellery
 k - a +6 ring of strength
 r - an uncursed ring of resist corrosion
 s - a +6 ring of strength
 v - a +4 ring of evasion (right hand)
 z - an uncursed ring of wizardry
 B - a ring of see invisible (left hand)
Wands
 u - a wand of flame (7)
 x - a wand of digging (4)
Scrolls
 c - 4 scrolls of remove curse
 e - 2 scrolls of blinking
 g - a scroll of enchant weapon
 n - 3 scrolls of teleportation
 p - 4 scrolls of enchant armour
 w - 2 scrolls of fear
 F - 2 scrolls of magic mapping
Potions
 j - a potion of stabbing
 l - a potion of curing
 m - a potion of mutation
 o - 2 potions of magic
 C - 3 potions of heal wounds
Comestibles
 f - 27 rations


   Skills:
 + Level 9.5(8.8) Fighting
 * Level 5.0(4.3) Long Blades
 - Level 6.0(5.3) Polearms
 - Level 1.7(1.1) Throwing
 + Level 6.5(5.8) Armour
 + Level 5.6(4.9) Dodging
 + Level 4.1(3.4) Shields
 + Level 3.5(2.8) Invocations


You had 9 spell levels left.
You didn't know any spells.
Your spell library was empty.

Dungeon Overview and Level Annotations

Branches:
Dungeon (8/15)             Temple (1/1) D:6
   Lair: D:8-11

Altars:
Ashenzari
Cheibriados
Elyvilon
Fedhas
Gozag
Hepliaklqana
Kikubaaqudgha
Makhleb
Nemelex Xobeh
Okawaru
Qazlal
Ru
Sif Muna
Trog
Uskayaw
Wu Jian
Yredelemnul
Zin
The Shining One

Shops:
D:4 }   D:5 :   D:7 :

Annotations:
D:4 1 runed translucent door, MrRokkomies's ghost, amateur KoAM


Message History

You feel sick. You block the adder's attack. The iguana closely misses you.
The adder closely misses you. The wraith hits you!
* * * LOW HITPOINT WARNING * * *
The wraith drains your vigour!
You feel as though you will be slow longer.
Your shield prevents you from hitting the wraith.
The wraith is almost destroyed.
The adder bites you.
* * * LOW HITPOINT WARNING * * *
The iguana bites you but does no damage.
You block the wraith's attack. The adder closely misses you.
The iguana misses you. The wraith hits you but does no damage.
The adder misses you.
You hit the wraith but do no damage.
The wraith is almost destroyed.
You feel sick. You block the iguana's attack. The adder bites you.
* * * LOW HITPOINT WARNING * * *
The wraith misses you. The adder completely misses you. The wraith hits you.
You die...
Your body rises from the dead as a mindless zombie.

$# ## .# .$ #...#
.. #.#.# #.###.#.#
.......# ..##...#
#.##...###...
#.##.@W..'...
######.##Sl.#.#...
.............#.# .
.#######.##..#.#
#......#....#
#.####)##.####
#<)........
###S.#.#### #..#.#


You could see a wraith, an iguana and an adder.

Vanquished Creatures
  A two-headed ogre (D:7)
  A hornet (D:7)
  Grinder (D:4)
  A hippogriff (D:7)
  Edmund (D:5)
  2 sky beasts
  A black bear (D:7)
  A necrophage (D:7)
  2 orc warriors
  An ice beast (D:6)
  4 ogres
  A phantom (D:8)
  A centaur (D:7)
  3 big kobolds
  A bullfrog (D:7)
  4 wights (D:8)
  3 howler monkeys
  A quasit (D:8)
  2 jellies
  3 orc priests
  A bullfrog zombie (D:5)
  An orc wizard (D:6)
  3 bullfrog skeletons
  2 iguanas
  5 worker ants
  A killer bee zombie (D:4)
  A hound skeleton (D:4)
  3 gnolls (D:6)
  4 adders
  2 shadow imps
  2 white imps
  3 oozes
  An adder zombie (D:6)
  A worm (D:4)
  An adder skeleton (D:8)
  2 dart slugs
  4 leopard geckos
  18 orcs
  6 bats
  4 giant cockroaches
  10 goblins
  7 hobgoblins
  5 jackals (D:4)
  18 kobolds
  3 quokkas (D:4)
  A ball python (D:3)
  5 frilled lizards
  A leopard gecko skeleton (D:4)
  A leopard gecko zombie (D:6)
  7 rats
158 creatures vanquished.

Vanquished Creatures (collateral kills)
  A white imp (D:8)
1 creature vanquished.

Vanquished Creatures (others)
  A centaur zombie (D:7)
  A hippogriff zombie (D:7)
  A howler monkey zombie (D:8)
  An iguana zombie (D:8)
  A kobold zombie (D:7)
  3 orc zombies (D:7)
8 creatures vanquished.

Grand Total: 167 creatures vanquished

Notes
Turn   | Place    | Note
-------+----------+-------------------------------------------
     0 | D:1      | Kagalorn the Hill Orc Gladiator began the quest for the
                  | Orb.
     0 | D:1      | Reached XP level 1. HP: 18/18 MP: 1/1
   114 | D:1      | Reached XP level 2. HP: 25/25 MP: 2/2
   311 | D:2      | Reached skill level 3 in Fighting
   311 | D:2      | Reached XP level 3. HP: 28/31 MP: 3/3
  2120 | D:4      | Reached XP level 4. HP: 34/39 MP: 4/4
  2260 | D:4      | Reached skill level 5 in Polearms
  2260 | D:4      | Reached XP level 5. HP: 40/46 MP: 5/5
  2263 | D:4      | Reached skill level 4 in Fighting
  2830 | D:4      | Found Xyiluu's Gadget Emporium.
  2832 | D:4      | Found a runed translucent door.
  2834 | D:4      | Noticed MrRokkomies's ghost (amateur KoAM)
  3121 | D:4      | Noticed a big kobold
  3121 | D:4      | Noticed a big kobold
  3166 | D:4      | Killed a big kobold
  3166 | D:4      | Reached skill level 5 in Fighting
  3166 | D:4      | Reached XP level 6. HP: 51/56 MP: 6/6
  3201 | D:4      | Reached skill level 6 in Fighting
  3274 | D:4      | Reached skill level 1 in Armour
  3274 | D:4      | Reached XP level 7. HP: 47/64 MP: 7/7
  3356 | D:4      | Noticed Grinder
  3373 | D:4      | Paralysed by Grinder for 5 turns
  3386 | D:4      | Killed Grinder
  4017 | D:5      | Entered Level 5 of the Dungeon
  4307 | D:5      | Reached skill level 7 in Fighting
  4574 | D:5      | Reached XP level 8. HP: 48/73 MP: 8/8
  4872 | D:5      | Found Bauc's Book Emporium.
  5699 | D:5      | Found a burning altar of Makhleb.
  5704 | D:5      | Found a shimmering blue altar of Sif Muna.
  5704 | D:5      | Found a blossoming altar of Fedhas.
  5708 | D:5      | Found a shattered altar of Ashenzari.
  5741 | D:5      | Noticed Edmund
  5911 | D:5      | Killed Edmund
  5911 | D:5      | Reached skill level 8 in Fighting
  6167 | D:6      | Found a staircase to the Ecumenical Temple.
  6194 | Temple   | Entered the Ecumenical Temple
  6271 | Temple   | Became a worshipper of Yredelemnul the Dark
  6326 | D:6      | Found an ornate altar of the Wu Jian Council.
  6746 | D:6      | Reached skill level 5 in Armour
  6902 | D:6      | Reached skill level 1 in Shields
  6959 | D:6      | Found a sacrificial altar of Ru.
  6959 | D:6      | Found an opulent altar of Gozag.
  6965 | D:6      | Found a bloodstained altar of Trog.
  6967 | D:6      | Found an ancient bone altar of Kikubaaqudgha.
  6969 | D:6      | Found a glowing silver altar of Zin.
  7012 | D:6      | Found an iron altar of Okawaru.
  7065 | D:6      | Reached XP level 9. HP: 53/82 MP: 9/9
  7575 | D:7      | Found Juhag's Book Boutique.
  7575 | D:7      | Noticed a hornet
  7580 | D:7      | Killed a hornet
  7580 | D:7      | Reached skill level 1 in Long Blades
  7580 | D:7      | Reached skill level 5 in Dodging
  7708 | D:7      | Identified the +4 rapier of Regicide {flame, rC+ Str+4
                  | Int-5 Dex+4} (You found it on level 7 of the Dungeon)
  7802 | D:7      | Reached * piety under Yredelemnul
  7876 | D:7      | Reached skill level 1 in Invocations
  7882 | D:7      | Reached skill level 9 in Fighting
  8312 | D:7      | Noticed a two-headed ogre
  8328 | D:7      | Killed a two-headed ogre
  9551 | D:8      | Reached XP level 10. HP: 91/91 MP: 12/12
  9752 | D:8      | Reached skill level 5 in Long Blades
  9769 | D:8      | HP: 1/91 [adder (4)]
  9769 | D:8      | Slain by a wraith

Illustrated notes

Levels and vault maps discovered:
D:1:      roderic_dead_forest, layout_loops_ring
D:2:      layout_basic, first_ration, serial_forest, infiniplex_forest_lined_2,
          infiniplex_forest_zigzag_1, infiniplex_forest_lined_3,
          infiniplex_forest_end_2, infiniplex_forest_side_room
D:3:      layout_basic, palyth_stone_intersect
D:4:      cheibrodos_thug_alley, layout_basic, gammafunk_ghost_grave,
          serial_shops, shop_coins, uniq_grinder
D:5:      layout_layer_cave, minitemple, serial_shops,
          nicolae_shop_behind_doors, uniq_edmund
D:6:      layout_loops_corners, chequers_temple_overflow_minitemple,
          okawaru_trees_1, minmay_temple_entry_mist, basic_altar
D:7:      layout_loops_ring, serial_shops, nicolae_shop_stone
D:8:      layout_basic
Temple:   dpeg_three_leaves_temple

Skill      XL: |  1  2  3  4  5  6  7  8  9 10 |
---------------+-------------------------------+-----
Polearms       | 4 5 6 |  6.0
Fighting       | 3 5 6 7 8 9 |  9.5
Armour         | 1 3 5 6 |  6.5
Dodging        | 3 4 5 |  5.6
Shields        | 1 3 4 |  4.1
Long Blades    | 4 5 |  5.0
Invocations    | 3 |  3.5
Throwing       | |  1.7

Action                   |  1- 3 |  4- 6 |  7- 9 | 10-12 || total
-------------------------+-------+-------+-------+-------++-------
Melee: Trident           |   115 |   110 |   143 |       ||   368
       Dagger            |       |       |    76 |       ||    76
       Rapier            |       |       |   102 |    59 ||   161
Throw: Stone             |       |     4 |    14 |       ||    18
       Throwing net      |       |       |    10 |       ||    10
Invok: Animate Remains   |       |       |    14 |     2 ||    16
Evoke: Wand              |       |       |     4 |       ||     4
  Use: Scroll            |     5 |     2 |     7 |       ||    14
 Stab: Sleeping          |     1 |       |     2 |       ||     3
       Held in net/web   |       |       |     1 |       ||     1
       Distracted        |       |       |     2 |       ||     2
  Eat: Ration            |     1 |     1 |     6 |     1 ||     9
Armor: Leather armour    |    31 |    19 |    22 |    15 ||    87
Dodge: Dodged            |    46 |    60 |   171 |    57 ||   334
Block: Kite shield       |       |       |    71 |    37 ||   108

Table legend:
 A = Non-vault XP
 B = Vault XP
 C = Vault XP percentage of total XP
 D = Non-vault monster count
 E = Vault monster count
 F = Vault count percentage of total count
                 A         B        C        D         E       F
            +---------+---------+-------+---------+---------+-------
      Total |    4528 |     644 |  12.5 |     146 |      13 |   8.2
            +---------+---------+-------+---------+---------+-------
        D:1 |      60 |       0 |   0.0 |      27 |       0 |   0.0
        D:2 |      29 |       0 |   0.0 |       7 |       0 |   0.0
        D:3 |      22 |       0 |   0.0 |      15 |       0 |   0.0
        D:4 |     384 |     482 |  55.7 |      23 |      12 |  34.3
        D:5 |     762 |     162 |  17.5 |      25 |       1 |   3.8
        D:6 |     572 |       0 |   0.0 |      13 |       0 |   0.0
        D:7 |    2168 |       0 |   0.0 |      24 |       0 |   0.0
        D:8 |     531 |       0 |   0.0 |      12 |       0 |   0.0
            +---------+---------+-------+---------+---------+-------
